Cogmind - Beta 11.1 --- EXPLORER MODE // 2022.06.29 @ 23:11:31 // Winter2019/RPGLIKE Player: Grimbling Result: Destroyed by 8R-AWN with 8R-AWN's Boregun Performance ------------- Evolutions (0) 0 Regions Visited (3) 600 Robots Destroyed (22) 110 Value Destroyed (423) 423 Prototype IDs (6) 120 Alien Tech Used (0) 0 Bonus (255) 255 TOTAL SCORE: 1508 Bonus ------- Aligned with FarCom 300 Friendly Fire -45 Cogmind --------- Core Integrity 0/600 Matter 234/300 Energy 200/200 System Corruption 1% Temperature Hot (218) Movement Treading (160) Location -10/Exiles Parts ------- > --- POWER (1) -------- Cold Fusion Reactor > --- PROPULSION (2) --- Light Treads Light Treads > --- UTILITY (4) ------ Improved Terrain Scanner 0b10 Alert Chip Tractor Beam > --- WEAPON (4) ------- Light Assault Rifle Light Assault Rifle Light Assault Rifle Light Assault Rifle > --- INVENTORY (1) ---- Medium Matter Pod (68) Peak State ------------ > --- POWER ------------ Light Ion Engine > --- PROPULSION ------- Light Treads Light Treads > --- UTILITY ---------- Medium Matter Pod Improved Terrain Scanner Tractor Beam > --- WEAPON ----------- YOLO Cannon Light Assault Rifle Light Assault Rifle > --- INVENTORY -------- (None) [Rating: 30] Favorites ----------- Power Light Ion Engine Engine Light Ion Engine Reactor Cold Fusion Reactor Propulsion Light Treads Treads Light Treads Utility Tractor Beam Device Tractor Beam Storage Medium Matter Pod Processor 0b10 Alert Chip Protection Light Armor Plating Weapon Light Assault Rifle Energy Gun Medium Laser Energy Cannon YOLO Cannon Ballistic Gun Light Assault Rifle Build | -11 -10 -10 -10 ------- Run | Scr Mat Min Exi Slots Evolved 7 | 4 2 . 1 Power . | . . . . Propulsion 1 | 1 . . . Utility 3 | 2 . . 1 Weapon 3 | 1 2 . . Parts Attached 19 | 8 6 . 5 Power 2 | 1 . . 1 Engine 1 | 1 . . . Core . | . . . . Reactor 1 | . . . 1 Propulsion 2 | 2 . . . Treads 2 | 2 . . . Leg . | . . . . Wheel . | . . . . Hover . | . . . . Flight . | . . . . Utility 5 | 3 1 . 1 Device 2 | 2 . . . Storage 1 | . 1 . . Processor 1 | . . . 1 Hackware . | . . . . Protection 1 | 1 . . . Artifact . | . . . . Weapon 10 | 2 5 . 3 Energy Gun 3 | 2 1 . . Energy Cannon 1 | . . . 1 Ballistic Gun 6 | . 4 . 2 Ballistic Cannon . | . . . . Launcher . | . . . . Special Weapon . | . . . . Impact Weapon . | . . . . Slashing Weapon . | . . . . Piercing Weapon . | . . . . Special Melee Weapon . | . . . . Unidentified Prototypes 3 | . . . 3 Parts Lost . | . . . . Power . | . . . . Propulsion . | . . . . Utility . | . . . . Weapon . | . . . . Highest Loss Streak . | . . . . To Critical Strikes . | . . . . Average Slot Usage (%) 94 | . 92 100 95 Engine 10 | . 11 10 7 Treads 22 | . 23 20 19 Device 22 | . 23 20 19 Storage 7 | . 7 10 6 Protection 2 | . 4 . . Ballistic Gun 26 | . 20 40 37 Naked Turns . | . . . . Heaviest Build 18 | 12 12 11 18 Greatest Support 40 | 40 40 40 40 Greatest Overweight (x) . | . . . . Average Overweight (x) . | . . . . Largest Inventory Capacity 1 | . . . 1 Average Capacity . | . . . . Most Carried 1 | . . . 1 Average Carried . | . . . . Final Capacity 1 | . . . 1 Final Carried 1 | . . . 1 Class Distribution -------------------- 66% | Hacker-Skirmisher 33% | Hacker-Mutant Dominant Class ---------------- Hacker-Mutant | -10/Materials Hacker-Skirmisher | -10/Mines Hacker-Skirmisher | -10/Exiles Resources | -11 -10 -10 -10 ----------- Run | Scr Mat Min Exi Matter Collected 608 | 280 268 2 58 Remotely 415 | 87 268 2 58 Salvage Created 947 | 122 767 . 58 Parts 59 | 10 32 1 16 Haulers Intercepted 2 | . 2 . . Recyclers Shooed . | . . . . Parts Field Recycled . | . . . . Retrieved Matter . | . . . . Parts Self-Destructed . | . . . . Prevented . | . . . . Kills | -11 -10 -10 -10 ------- Run | Scr Mat Min Exi Combat Hostiles Destroyed 19 | . 13 . 6 Guns 19 | . 13 . 6 Classes Destroyed 7 | 2 4 . 1 Tunneler 3 | 2 . 1 . Hauler 2 | . 2 . . Recycler 1 | 1 . . . Watcher 2 | . 2 . . Swarmer 4 | . 4 . . Grunt 9 | . 9 . . Assembled 6 | . . . 6 Best Kill Streak 6 | 1 4 1 6 Combat Bots Only 5 | . 3 . 5 Max Kills in Single Turn 1 | 1 1 1 1 Gunslinging . | . . . . Exploded . | . . . . Melee . | . . . . Uniques/NPCs Destroyed 1 | . . . 1 EX-BIN (-10/Exiles) Combat | -11 -10 -10 -10 -------- Run | Scr Mat Min Exi Damage Taken 851 | . 317 . 534 Core 649 | . 225 . 424 Absorbed by Shields . | . . . . Redirected to Core 521 | . 182 . 339 Core Remaining (%) 100 | 100 . . . Volleys Fired 103 | 4 76 . 23 Largest 4 | 2 4 . 4 Hottest 100 | 100 80 . 80 Shots Fired 205 | 8 105 . 92 Gun 205 | 8 105 . 92 Cannon . | . . . . Launcher . | . . . . Special . | . . . . Kinetic 194 | . 102 . 92 Thermal 11 | 8 3 . . Explosive . | . . . . Electromagnetic . | . . . . Robot Hit Streak 30 | 6 18 . 30 Robot Miss Streak 4 | . 4 . 1 Penetration Max . | . . . . Secondary Targets 5 | . 1 . 4 Max Gunslinging Chain 1 | . 1 . 1 Shots Hit Robots 167 | 6 78 . 83 Core Hits 68 | 4 34 1 29 Critical Kills 1 | . . . 1 Critical Parts Destroyed 2 | . 2 . . Critical Strikes 3 | . 2 . 1 Destroy 3 | . 2 . 1 Melee Attacks . | . . . . Impact . | . . . . Slashing . | . . . . Piercing . | . . . . Sneak Attacks . | . . . . Combat Hostiles . | . . . . Follow-up Attacks . | . . . . Damage Inflicted 1375 | 78 627 11 659 Guns 1359 | 78 622 . 659 Cannons . | . . . . Explosions . | . . . . Melee . | . . . . Ramming 16 | . 5 11 . Kinetic 1268 | . 609 . 659 Thermal 91 | 78 13 . . Explosive . | . . . . Electromagnetic . | . . . . Impact . | . . . . Slashing . | . . . . Piercing . | . . . . Highest Corruption 1 | . 1 1 1 Average Corruption 1 | . 1 1 1 Corruption Purged . | . . . . Corruption Blocked . | . . . . Effects 5 | . 2 1 2 Message Errors 1 | . . . 1 Matter Fused 3 | . 1 1 1 Energy Discharges 1 | . 1 . . Overload Shots . | . . . . Overflow Damage . | . . . . Projectiles . | . . . . Explosions . | . . . . Melee . | . . . . Knockbacks . | . . . . Impact . | . . . . Kinetic . | . . . . Secondary . | . . . . Self-Inflicted Damage . | . . . . Shots . | . . . . Rammed 2 | . 1 1 . Targets Rammed 3 | . 1 2 . Kicked . | . . . . Crushed 1 | . . 1 . Highest Temperature 240 | 96 138 . 240 Average Temperature 67 | 36 22 . 135 Received Heat Transfer 293 | . 213 . 80 Siege Activations . | . . . . Robots Corrupted . | . . . . Combat Hostiles . | . . . . Parts Fried . | . . . . Impact Corruptions . | . . . . Robots Melted . | . . . . Combat Hostiles . | . . . . Parts Melted . | . . . . Heat Transferred 259 | 222 37 . . Parts Sabotaged . | . . . . Parts Stolen . | . . . . Parts Stripped . | . . . . Power Chain Reactions . | . . . . Missiles Intercepted . | . . . . Alert | -11 -10 -10 -10 ------- Run | Scr Mat Min Exi Peak Influence 192 | 15 192 17 . Initial 12 | . 7 12 . Average 53 | 7 67 15 . Maximum Alert Level . | . . . . Low Security (%) 100 | 100 100 100 . Level 1 . | . . . . Level 2 . | . . . . Level 3 . | . . . . Level 4 . | . . . . Level 5 . | . . . . High Security . | . . . . Max Security . | . . . . Squads Dispatched 2 | . 2 . . Investigation 2 | . 2 . . Extermination . | . . . . Reinforcement . | . . . . Assault . | . . . . Garrison . | . . . . Intercept . | . . . . Searches Triggered . | . . . . Construction Impeded . | . . . . Haulers Reinforced . | . . . . Active Scanning Responses . | . . . . Cargo Convoy Interrupts . | . . . . Stealth | -11 -10 -10 -10 --------- Run | Scr Mat Min Exi Distress Signals 1 | . 1 . . Communications Jammed . | . . . . Distress Signals . | . . . . Times Spotted 30 | . 22 . 8 Peak Tracking Total 9 | . 4 . 9 Tactical Retreats 1 | . 1 . . Traps | -11 -10 -10 -10 ------- Run | Scr Mat Min Exi Traps Triggered 1 | . 1 . . Indirectly . | . . . . Trap Hack Attempts . | . . . . Triggered . | . . . . Disarmed . | . . . . Reprogrammed . | . . . . Reused . | . . . . Traps Extracted . | . . . . Installed . | . . . . Triggered . | . . . . Machines | -11 -10 -10 -10 ---------- Run | Scr Mat Min Exi Machines Disabled . | . . . . Max in Single Turn . | . . . . Machines Sabotaged . | . . . . Garrisons Compromised . | . . . . Overloaded Fab Kills . | . . . . Hacking | -11 -10 -10 -10 --------- Run | Scr Mat Min Exi Machines Accessed 4 | . 4 . . Terminals 4 | . 4 . . Fabricators . | . . . . Repair Stations . | . . . . Recycling Units . | . . . . Scanalyzers . | . . . . Garrison Access . | . . . . Total Hacks 9 | . 9 . . Successful 3 | . 3 . . Failed 6 | . 6 . . Catastrophic . | . . . . Database Lockouts . | . . . . Manual 9 | . 8 . 1 Terminals 9 | . 9 . . Fabricators . | . . . . Repair Stations . | . . . . Recycling Units . | . . . . Scanalyzers . | . . . . Garrison Access . | . . . . Terminal Hacks 3 | . 3 . . Prototype ID Bank 1 | . 1 . . Unreport Threat 2 | . 2 . . Fabricator Hacks . | . . . . Repair Station Hacks . | . . . . Recycling Unit Hacks . | . . . . Scanalyzer . | . . . . Garrison Access Hacks . | . . . . Unauthorized Hacks . | . . . . Terminals . | . . . . Fabricators . | . . . . Repair Stations . | . . . . Recycling Units . | . . . . Scanalyzers . | . . . . Garrison Access . | . . . . Data Cores Recovered . | . . . . Used . | . . . . Hacking Detections 4 | . 4 . . Full Trace Events 2 | . 2 . . Feedback Events . | . . . . Feedback Blocked . | . . . . Robot Schematics Acquired . | . . . . Robots Built . | . . . . Authchips . | . . . . Time . | . . . . Total Robot Build Rating . | . . . . Part Schematics Acquired . | . . . . Parts Built . | . . . . Authchips . | . . . . Time . | . . . . Total Part Build Rating . | . . . . Parts Repaired . | . . . . Time . | . . . . Parts Recycled . | . . . . Recycled Matter . | . . . . Retrieved Matter . | . . . . Retrieved Components . | . . . . Parts Scanalyzed . | . . . . Part Schematics Acquired . | . . . . Parts Damaged . | . . . . Bothacking | -11 -10 -10 -10 ------------ Run | Scr Mat Min Exi Used RIF Installer . | . . . . Robots Hacked . | . . . . Non-combat . | . . . . Combat . | . . . . Robot Hacks Applied . | . . . . Relay Couplers Released . | . . . . Fabnet Peak Effective % . | . . . . Robots Rewired . | . . . . Allies Hacked . | . . . . Hacks Repelled . | . . . . Allies | -11 -10 -10 -10 -------- Run | Scr Mat Min Exi Total Allies . | . . . . Largest Group . | . . . . Highest-Rated Group . | . . . . Highest-Rated Ally . | . . . . Total Orders . | . . . . Ally Attacks . | . . . . Total Damage . | . . . . Kills . | . . . . Allies Corrupted . | . . . . Allies Melted . | . . . . Intel | -11 -10 -10 -10 ------- Run | Scr Mat Min Exi Robot Analysis Total . | . . . . Derelict Logs Recovered . | . . . . Drone Launches . | . . . . Drone Recoveries . | . . . . Exploration | -11 -10 -10 -10 ------------- Run | Scr Mat Min Exi Turns Passed 1610 | 139 967 178 326 Spaces Moved 848 | 77 502 110 159 Core 6 | 6 . . . Treads 842 | 71 502 110 159 Legs . | . . . . Wheels . | . . . . Hover . | . . . . Flight . | . . . . Fastest Speed 50 | 50 160 160 160 Average Speed 159 | 151 160 160 160 Slowest Speed 160 | 160 160 160 160 Overloaded Moves . | . . . . Propulsion Burnouts . | . . . . Robots Hopped . | . . . . Cave-ins Triggered . | . . . . Exploration Rate (%) 31 | 4 61 19 41 Regions Visited 3 Branch Regions 2 Pre-discovered Areas . | . . . . Known Exits Taken 3 | 1 1 1 . Unknown Exits Taken . | . . . . Scrap Searched . | . . . . Spaces Dug . | . . . . Terrain Destroyed . | . . . . Melee . | . . . . Projectile . | . . . . AOE . | . . . . Terrain Rammed . | . . . . Walls Destroyed . | . . . . Machines Disabled . | . . . . Actions | -11 -10 -10 -10 --------- Run | Scr Mat Min Exi Total 981 | 88 590 111 192 Wait . | . . . . Move 845 | 76 501 109 159 Hop . | . . . . Pick Up . | . . . . Fast Attach 19 | 8 6 . 5 Attach . | . . . . Detach 1 | . . . 1 Swap . | . . . . Drop 8 | . 4 . 4 Fire 103 | 4 76 . 23 Melee . | . . . . Ram . | . . . . Kick . | . . . . Crush 3 | . 1 2 . Escape Stasis . | . . . . Rewire . | . . . . Trap . | . . . . Miscellaneous 2 | . 2 . . Route ------- -11/Scrapyard -10/Materials (discovered 4 exits: *Mat x3 / *Min) -10/Mines (discovered 3 exits: Mat x2 / *Exi) -10/Exiles History --------- Turn | Location | Event 3 | -11/Scrapyard | Identified exit to Materials 3 | -11/Scrapyard | Discovered exit to Materials (range 15) 17 | -11/Scrapyard | Upgraded with Propulsion slot (x1) 17 | -11/Scrapyard | Upgraded with Utility slot (x2) 17 | -11/Scrapyard | Upgraded with Weapon slot (x1) 140 | -11/Scrapyard | Entered Materials 359 | -10/Materials | Identified exit to Materials 359 | -10/Materials | Discovered exit to Materials (range 16) 443 | -10/Materials | Build established: Hacker-Mutant 584 | -10/Materials | Identified exit to Mines 584 | -10/Materials | Discovered exit to Mines (range 12) 648 | -10/Materials | Discovered exit to Materials (range 15) 805 | -10/Materials | Upgraded with Weapon slot (x1) 878 | -10/Materials | Upgraded with Weapon slot (x1) 893 | -10/Materials | Discovered exit to Materials (range 14) 937 | -10/Materials | Reached level 2 994 | -10/Materials | Build established: Hacker-Skirmisher 1107 | -10/Materials | Entered Mines 1114 | -10/Mines | Received a Rocket Launcher from a helpful Derelict 1121 | -10/Mines | Assembled infested the area 1126 | -10/Mines | Discovered exit to Materials (range 14) 1126 | -10/Mines | Assisted by a Guerilla fighting off Assembled 1173 | -10/Mines | Discovered exit to Materials (range 14) 1204 | -10/Mines | Identified exit to Exiles 1204 | -10/Mines | Discovered exit to Exiles (range 11) 1279 | -10/Mines | Deemed a non-threat by the Exiles lab entrance 1285 | -10/Mines | Entered Exiles 1324 | -10/Exiles | Met 8R-AWN 1353 | -10/Exiles | Met EX-HEX 1396 | -10/Exiles | Met EX-BIN 1418 | -10/Exiles | Aligned with FarCom system 1420 | -10/Exiles | Given EX-Vault access code 1457 | -10/Exiles | Opened EX-Vault 1466 | -10/Exiles | Found Prototype Energy Cannon 1466 | -10/Exiles | Identified YOLO Cannon 1480 | -10/Exiles | Upgraded with Utility slot (x1) 1485 | -10/Exiles | Found Prototype Processor 1485 | -10/Exiles | Identified 0b10 Alert Chip 1525 | -10/Exiles | Warned to stay clear of 0b10 Research branches 1538 | -10/Exiles | Attacked by the Exiles 1539 | -10/Exiles | Destroyed EX-BIN 1564 | -10/Exiles | Core integrity fell below 50% 1598 | -10/Exiles | Core integrity fell below 20% 1611 | -10/Exiles | Destroyed by 8R-AWN with 8R-AWN's Boregun Last Messages --------------- 01593_ as-33790 destroyed. 01595_ Penetrated by HV Slug. 01595_ HV Slug penetrates BIN's Workstation. 01595_ BIN's Workstation disabled. 01595_ Penetrated by HV Slug. 01595_ HV Slug penetrates Earth. 01597_ Penetrated by HV Slug. 01597_ HV Slug penetrates Earth. 01597_ HV Slug penetrates BIN's Workstation. 01600_ Penetrated by HV Slug. 01600_ HV Slug penetrates Wall. 01600_ Penetrated by HV Slug. 01600_ HV Slug penetrates Wall. 01602_ Penetrated by HV Slug. 01602_ HV Slug penetrates Wall. 01602_ Penetrated by HV Slug. 01602_ HV Slug penetrates Wall. 01604_ Penetrated by HV Slug. 01609_ Protomatter-11 decays. 01609_ Penetrated by HV Slug. Map ----- +----------------------------------------------------+ | ??######?##### #?########?#??#???????????????? | | #?#?##?####### ##""""""#?#?#?????????????????? | | ?#??#######?## ## """##?#??#???????????????? | | #?#??######### X""####??#???????????????? | | ?????######### ## """#####?????????????????? | | ############## ##?"""""#####?#???????????????? | | #?####""""""## #############?#???????????????? | | ?#####"""" ## ############?##?#?????????????? | | ?????#""X" ###############???????????????? | | ?##??#" ###############???????????????? | | ?###?#" ## ############?#####????????????? | | ?#####""""""## ###########?#####?#???????????? | | ???#?##"###### ###"""""""###?#?##????????????? | | ???? ??"#?#### ###"""""""#######?#???????????? | | ?#??""" #?#### ###"""""""########?#??????????? | | ?#??"""??#?### ###"" """#####??###??????????? | | ??????" #####" " ""###?#?###???????????? | | ??????##?####" ""#######?##??????????? | | ????#??###??#" """########????????????? | | ????#??###?##" """## ?"?#####?????????? | | ????#?#######" =! """## """#?###?????????? | | ??????#######" ! !! """## ""??###?#????????? | | ???"?######### !!*!! """""" ####?#????????? | | ??????##?##### !!!!! """#########?#?????????? | | ????##?#######" a !"X"g""""" ###????????????? | | ???????#######" % "" @ # """#####?#????????? | | ?????#??######" """"" """# ""?####?#?????????? | | ? ??#?#?###?##" %######;#### """##?##?#????????? | | ??##???######"" ###### ##############????????#? | | ?????????###"" ###### #################??#?#?? | | ??#??##?"""""" ####?# ########?####?##???#???# | | ?? ???""" " "" #####;############?##??#??##?# | | ?? ???""" " ####;"""""""""###?###?##??##? | | ????? " " """ """"###?#?#?#?###? | | ??? "" " #####?#####?? | | ??? " """###??##??#### | | ??? " "#?########### | | ??? " "####??###?### | | ??? ""#######?#?#" | | ???? """""" """#####?###" | | ???? ######""" "###??### | | ????? ""##???######""" ####?# | | ?????"?"##?#?###?####""" ##### | | ??????"?????????#?###"""" ### | | ????????????????#??##"" | | ???????????#???#???#"""" # | | ??????????? ????#?"? ""# | | ?????????????????"?? #"""## | | ????????????? ????? ######? | | ???????????????? ?? #####?## | +----------------------------------------------------+ Best States ------------- Heat Dissipation 25 Energy Generation 17 Energy Capacity 200 Matter Stores 400 Matter Capacity 400 Sight Range 16 Robot Scan Range 14 Terrain Scan Range 16 Terrain Scan Density 210 Armor Coverage 150 Resistance: KI 35 Resistance: TH 35 Resistance: EX 35 Resistance: EM 35 Resistance: I 35 Resistance: S 35 Resistance: P 35 Evasion (%) 40 Recoil Reduction 2 Offensive Hacking 20 Item Schematics ----------------- None Robot Schematics ------------------ None Fabricated ------------ Nothing Alien Tech Used ----------------- None Achievements -------------- None Challenges ------------ None RPGLIKE | -11 -10 -10 -10 --------- Run | Scr Mat Min Exi Levels Raised 1 | . 1 . . XP Earned 8570 | 6000 1720 500 350 XP Spent 7465 | 3315 1900 . 2250 Upgrades 19 | 13 2 . 4 Propulsion Slot 1 | 1 . . . Utility Slot 3 | 2 . . 1 Weapon Slot 3 | 1 2 . . Inventory Capacity 1 | . . . 1 Sensor Range 7 | 7 . . . Terrain Scan Density 2 | 2 . . . Ranged Accuracy 2 | . . . 2 Protomatter Created 87 | . 16 . 71 Integrity Restored 48 | . 48 . . Core 48 | . 48 . . Protomatter Decayed 66 | . . 35 31 Game ------ Seed RemoteGlidesysExpander Manual? 0 Play Time 00:13:48 Cumulative 276.8 hours Start 2022.06.29 @ 23:00:45 End 2022.06.29 @ 23:11:31 Sessions 1 Manual Loads 0 Difficulty Explorer Special Mode Winter2019/RPGLIKE Game No. 94 Rogue 0 Adventurer 1 Explorer 93 Win Type - Total 19 Types 9/0/4/3/0/1/1/0/1 Lore% 88 Gallery% 88 Achievement% 76 Wizard Run 0 Options --------- ASCII 0 Keyboard 1 Movement Numpad Keybinds 0 Fullscreen 0 Font 14/Terminus Map View 76x50 Tactical HUD 1 Map Filters BRIGHTNESS(150) Filters NONE Steam 1 RUN: 5905e126-2884-4df6-a720-f16400ffd70b